[Event "January 9 Early 2024"]
[Site "https://www.chess.com"]
[Date "2024.01.11"]
[Round "5"]
[White "Tasev, Dejan"]
[Black "Zhukov, Maksim"]
[Result "1-0"]
[Board "182"]
[TimeControl "180+1"]
[WhiteFideId "936618"]
[BlackFideId "34181790"]
[WhiteElo "2657"]
[BlackElo "2338"]
[WhiteTeam "SRB"]
[BlackTeam "RUS"]
[WhiteClock "0:01:10"]
[BlackClock "0:00:03"]

1. e4 c5 2. Nf3 e6 3. Nc3 a6 4. g3 b5 5. Bg2 Bb7 6. d3 Nf6 7. a4 b4 8. Nb1 Nc6 9. b3 Be7 10. Bb2 O-O 11. O-O d5 12. Nbd2 a5 13. exd5 exd5 14. Re1 Re8 15. Nf1 c4 16. Ne3 c3 17. Bc1 Bc5 18. d4 Bb6 19. h3 Ne4 20. Bf1 Qf6 21. Nxd5 Qd8 22. Nxb6 Qxb6 23. Be3 Qd8 24. Bb5 Qf6 25. d5 Ne5 26. Nxe5 Rxe5 27. Bc4 Rd8 28. Qg4 Bc8 29. Qf4 Bxh3 30. Qxf6 Nxf6 31. Bb6 Rxe1+ 32. Rxe1 Rd6 33. Bxa5 h5 34. Bxb4 Rd8 35. d6 Ne8 36. Ba5 Rxd6 37. Rxe8+ Kh7 38. Re1 Bg4 39. Bxc3 g6 40. a5 Bf3 41. a6 Rd7 42. Bd3 h4 43. Kh2 hxg3+ 44. Kxg3 Bh5 45. Bd2 Kg7 46. Be3 f6 47. a7 Rd8 48. Be4 f5 49. Bg2 f4+ 50. Bxf4 g5 51. Bb8 Bf3 52. Bxf3 g4 53. Bg2 Kg6 54. a8=Q Rf8 55. Qe4+ Rf5 56. Qxg4+ Kf6 57. Qd4+ Kg6 58. Be4 Kf7 59. Bxf5 Kf8 60. Bd6+ Kf7 61. Re7+ Kg8 62. Qg7# 1-0

[Event "January 9 Early 2024"]
[Site "https://www.chess.com"]
[Date "2024.01.11"]
[Round "5"]
[White "Devaev, Alexander"]
[Black "Zilleruelo Irizarry, Diego"]
[Result "0-1"]
[Board "183"]
[TimeControl "180+1"]
[WhiteFideId "4169395"]
[BlackFideId "3101460"]
[WhiteElo "2498"]
[BlackElo "2335"]
[WhiteTeam "RUS"]
[BlackTeam "PUR"]
[WhiteClock "0:00:24"]
[BlackClock "0:00:19"]

1. d4 d5 2. Nf3 Nf6 3. Bf4 c5 4. e3 Qb6 5. Qc1 Nc6 6. c3 Bg4 7. Nbd2 Bxf3 8. Nxf3 e6 9. Bd3 Rc8 10. O-O cxd4 11. exd4 Be7 12. Re1 O-O 13. Qd2 Na5 14. Ne5 Nc4 15. Nxc4 dxc4 16. Bc2 Nd5 17. Be5 Bd6 18. Rab1 Bxe5 19. Rxe5 f5 20. a3 Rf6 21. Bd1 Ne7 22. Bf3 Ng6 23. Re2 Nh4 24. Qe3 Qd6 25. Rbe1 Rcf8 26. g3 f4 27. gxf4 Nxf3+ 28. Qxf3 Rxf4 29. Qg3 R8f6 30. Rxe6 Rxe6 31. Rxe6 Qxe6 32. Qxf4 Qg6+ 33. Qg3 Qb1+ 34. Kg2 Qxb2 35. Qb8+ Kf7 36. Qc7+ Kg6 37. Qd6+ Kf7 38. Qf4+ Ke6 39. Qe4+ Kf7 40. Qf5+ Ke7 41. Qc5+ Kf6 42. Qf5+ Kxf5 0-1

[Event "January 9 Early 2024"]
[Site "https://www.chess.com"]
[Date "2024.01.11"]
[Round "5"]
[White "Sultanbek, Zeinep"]
[Black "Batsiashvili, Nino"]
[Result "0-1"]
[Board "184"]
[TimeControl "180+1"]
[WhiteFideId "13710419"]
[BlackFideId "13602993"]
[WhiteElo "2308"]
[BlackElo "2512"]
[WhiteTeam "KAZ"]
[BlackTeam "GEO"]
[WhiteClock "0:00:02"]
[BlackClock "0:00:19"]

1. d4 g6 2. c4 Bg7 3. Nc3 f5 4. Nf3 Nf6 5. g3 O-O 6. Bg2 d6 7. O-O c6 8. Re1 Qc7 9. b3 e5 10. dxe5 dxe5 11. e4 f4 12. Ba3 Rd8 13. Qc2 Bg4 14. Rad1 Na6 15. Rxd8+ Rxd8 16. Rd1 Re8 17. Bd6 Qc8 18. Rd2 Nh5 19. b4 Nc7 20. Qb3 h6 21. h3 Bxf3 22. Bxf3 fxg3 23. Bxh5 gxh5 24. fxg3 Ne6 25. c5 Kh7 26. h4 Nd4 27. Qd1 Qh3 28. Rg2 Qg4 29. Qxg4 hxg4 30. Rf2 Nf3+ 31. Kg2 h5 32. Nd1 Kg6 33. Ne3 Nd4 34. Nf5 Bf6 35. Nxd4 exd4 36. Re2 Be5 37. Bxe5 Rxe5 38. Kf2 Kf6 39. Ke1 Re7 40. Kd2 Ke5 41. Kd3 Rf7 42. Rf2 Rxf2 0-1

[Event "January 9 Early 2024"]
[Site "https://www.chess.com"]
[Date "2024.01.11"]
[Round "5"]
[White "Blokhin, Sofia"]
[Black "Haldorsen, Benjamin"]
[Result "0-1"]
[Board "185"]
[TimeControl "180+1"]
[WhiteFideId "4508190"]
[BlackFideId "1512633"]
[WhiteElo "2285"]
[BlackElo "2437"]
[WhiteTeam "EST"]
[BlackTeam "NOR"]
[WhiteClock "0:00:01"]
[BlackClock "0:00:24"]

1. d4 d5 2. c4 e6 3. Nc3 dxc4 4. e3 a6 5. a4 c5 6. Bxc4 Qg5 7. Nf3 Qxg2 8. Rg1 Qh3 9. d5 Nf6 10. dxe6 Bxe6 11. Rg3 Qh5 12. Bxe6 fxe6 13. Ne2 Nc6 14. Nf4 Qf7 15. Ng5 Qd7 16. Qxd7+ Nxd7 17. Ngxe6 Rc8 18. Nxg7+ Kf7 19. Nge6 Nb4 20. Kf1 Nf6 21. f3 Bd6 22. Bd2 Rhe8 23. Ng5+ Ke7 24. Bc3 Bxf4 25. Bxf6+ Kxf6 26. exf4 Nd3 27. Nxh7+ Kf5 28. Rd1 c4 29. b3 b5 30. axb5 axb5 31. bxc4 bxc4 32. Ra1 c3 33. Ra5+ Kxf4 34. Kg2 c2 35. Rg4+ Ke3 36. Ra1 Kd2 37. Rd4 Rg8+ 38. Kh3 Rh8 39. Rh4 Rb8 40. f4 Rb1 41. Ra2 Nb2 42. f5 c1=Q 43. Rd4+ Ke3 0-1

[Event "January 9 Early 2024"]
[Site "https://www.chess.com"]
[Date "2024.01.11"]
[Round "5"]
[White "Sofronie, Claudia-Ramona"]
[Black "Teimouri Yadkuri, Shahdad"]
[Result "0-1"]
[Board "186"]
[TimeControl "180+1"]
[WhiteFideId "1205722"]
[BlackFideId "42515467"]
[WhiteElo "2268"]
[BlackElo "2427"]
[WhiteTeam "ROU"]
[BlackTeam "IRI"]
[WhiteClock "0:00:01"]
[BlackClock "0:00:17"]

1. d4 Nf6 2. Bf4 e6 3. e3 d5 4. Nd2 Bd6 5. Bg3 O-O 6. Ngf3 c5 7. c3 Qc7 8. dxc5 Qxc5 9. Bd3 Qc7 10. Qe2 Nbd7 11. e4 dxe4 12. Nxe4 Nxe4 13. Bxe4 Nf6 14. Bc2 b6 15. O-O-O Bxg3 16. hxg3 h6 17. Ne5 Bb7 18. g4 Rad8 19. Rxd8 Rxd8 20. g5 hxg5 21. f3 Rd5 22. Ng4 Qf4+ 23. Kb1 Nxg4 24. fxg4 g6 25. Bxg6 Re5 26. Bh7+ Kg7 27. Qc2 Be4 28. Bxe4 Qxe4 29. Rd1 Qxc2+ 30. Kxc2 Re4 31. Rd4 Re2+ 32. Rd2 Re3 33. Rd7 Rg3 34. Rxa7 Rxg4 35. Rb7 Rxg2+ 36. Kb3 g4 37. Rxb6 g3 38. Rb4 f5 39. a4 Rxb2+ 40. Kxb2 g2 41. Rb7+ Kf6 0-1

[Event "January 9 Early 2024"]
[Site "https://www.chess.com"]
[Date "2024.01.11"]
[Round "5"]
[White "Molina, Roberto Junio Brito"]
[Black "Tomb, Maroun"]
[Result "1/2-1/2"]
[Board "187"]
[TimeControl "180+1"]
[WhiteFideId "2109450"]
[BlackFideId "5300398"]
[WhiteElo "2805"]
[BlackElo "2596"]
[WhiteTeam "BRA"]
[BlackTeam "LBN"]
[WhiteClock "0:00:23"]
[BlackClock "0:00:40"]

1. d4 d6 2. e4 Nf6 3. Nc3 e5 4. Nf3 Nbd7 5. Bc4 Be7 6. O-O c6 7. a4 Qc7 8. Re1 h6 9. b3 Nf8 10. Bf1 Ng6 11. h3 O-O 12. Bb2 Be6 13. Qd2 Rad8 14. Rad1 a6 15. Qe3 b5 16. d5 cxd5 17. exd5 Bf5 18. axb5 Bxc2 19. Rc1 Bxb3 20. bxa6 Qa5 21. Ra1 Qb4 22. Ba3 Qf4 23. Nd2 Bxd5 24. Qxf4 Nxf4 25. g3 Ne6 26. Rxe5 dxe5 27. Bxe7 Ba8 28. Bxd8 Rxd8 29. Nc4 e4 30. Nb6 Nd4 31. Bg2 Rb8 32. Nxa8 Rxa8 33. Nxe4 Nxe4 34. Bxe4 Ra7 35. Bb7 Kf8 36. Re1 Nb5 37. Rc1 Ke7 38. Rc5 Nd6 39. Rc7+ Kd8 40. Rc6 Nxb7 41. axb7 Rxb7 42. h4 h5 43. Kg2 Rb3 44. Rc5 g6 45. Re5 Kd7 46. Re1 Rd3 47. Re2 Kd6 48. Re1 Kd7 49. Re4 Kd6 50. Kf1 Kd7 51. Ke2 Rd6 52. Kf3 Rf6+ 53. Ke3 Re6 54. Kf4 Rxe4+ 55. Kxe4 Ke6 56. f3 f6 57. g4 hxg4 58. fxg4 f5+ 59. gxf5+ gxf5+ 60. Kf4 Kf6 61. h5 Kg7 62. Kxf5 Kh6 63. Kg4 Kh7 64. Kg5 Kh8 65. h6 Kg8 66. Kg6 Kh8 67. h7 1/2-1/2

[Event "January 9 Early 2024"]
[Site "https://www.chess.com"]
[Date "2024.01.11"]
[Round "5"]
[White "Tristan, Leonardo"]
[Black "Terry, Renato"]
[Result "0-1"]
[Board "188"]
[TimeControl "180+1"]
[WhiteFideId "113816"]
[BlackFideId "3803457"]
[WhiteElo "2733"]
[BlackElo "2985"]
[WhiteTeam "ARG"]
[BlackTeam "PER"]
[WhiteClock "0:00:02"]
[BlackClock "0:00:22"]

1. d4 e6 2. Nf3 Nf6 3. Bf4 b6 4. e3 Bb7 5. Nbd2 Bd6 6. Bg3 Bxg3 7. hxg3 d6 8. Bd3 Nbd7 9. e4 e5 10. c3 Qe7 11. Qe2 a6 12. O-O-O b5 13. Kb1 c5 14. dxe5 dxe5 15. c4 b4 16. Nh4 g6 17. g4 O-O-O 18. g5 Nh5 19. Qe3 Nf4 20. Nhf3 Nxg2 21. Qe2 Nf4 22. Qe3 f6 23. gxf6 Nxf6 24. Bc2 Ng4 25. Qe1 Rd7 26. Nb3 Rxd1+ 27. Bxd1 Nd3 28. Qe2 Ndxf2 29. Re1 h5 30. Bc2 Nh3 31. Qf1 Nf4 32. Qg1 Ne6 33. Nfd2 Rd8 34. Nf1 Nd4 35. Bd1 Qh4 36. Ne3 Nxb3 37. axb3 Nxe3 38. Rxe3 Qf6 39. Bc2 h4 40. Re2 Kb8 41. Ka2 Qb6 42. Rg2 h3 43. Rxg6 h2 44. Qg5 Qa5+ 45. Kb1 h1=Q+ 0-1

[Event "January 9 Early 2024"]
[Site "https://www.chess.com"]
[Date "2024.01.11"]
[Round "5"]
[White "Weetik, Vjacheslav"]
[Black "Stojanovski, Sandi"]
[Result "1-0"]
[Board "189"]
[TimeControl "180+1"]
[WhiteFideId "4153472"]
[BlackFideId "1403249"]
[WhiteElo "2763"]
[BlackElo "2557"]
[WhiteTeam "RUS"]
[BlackTeam "DEN"]
[WhiteClock "0:00:03"]
[BlackClock "0:00:02"]

1. d4 Nf6 2. c4 e6 3. g3 d5 4. Nf3 c5 5. Bg2 Nc6 6. O-O Be7 7. cxd5 exd5 8. Nc3 O-O 9. dxc5 Bxc5 10. Na4 Be7 11. Be3 Bg4 12. Rc1 Re8 13. Bc5 Qd7 14. Re1 Rad8 15. Nd4 Ne5 16. Bxa7 Bb4 17. Rf1 Nc6 18. Bc5 Nxd4 19. Qxd4 Qxa4 20. Bxb4 Bxe2 21. Rfe1 Qxa2 22. Bc3 Qc4 23. Qd2 Qd3 24. Qxd3 Bxd3 25. Rxe8+ Rxe8 26. Bxf6 gxf6 27. Bxd5 Ba6 28. h4 Rd8 29. Be4 Rd2 30. b3 Rd4 31. Bf3 Rd3 32. Be4 Rd4 33. Rc8+ Kg7 34. Bf5 Rd5 35. Bg4 Rd4 36. Bf3 Rd3 37. Be4 Rxb3 38. Rc7 1-0

[Event "January 9 Early 2024"]
[Site "https://www.chess.com"]
[Date "2024.01.11"]
[Round "5"]
[White "Skibbe, Willi"]
[Black "De Sousa, Daniel Aguiar"]
[Result "1-0"]
[Board "190"]
[TimeControl "180+1"]
[WhiteFideId "4682190"]
[BlackFideId "44736797"]
[WhiteElo "2369"]
[BlackElo "2044"]
[WhiteTeam "GER"]
[BlackTeam "BRA"]
[WhiteClock "0:00:19"]
[BlackClock "0:00:18"]

1. e4 c5 2. c3 Nc6 3. Nf3 d5 4. exd5 Qxd5 5. d4 Qe4+ 6. Be3 cxd4 7. Nxd4 Nf6 8. Nd2 Qd5 9. Nb5 Qd8 10. Nf3 Qa5 11. b4 Qd8 12. Qxd8+ Kxd8 13. Rd1+ Bd7 14. Ng5 Ne5 15. Bf4 h6 16. Ne6+ fxe6 17. Bxe5 a6 18. Nc7 Nd5 19. Nxa8 Ba4 20. Rxd5+ exd5 21. Nb6 Bc2 22. Kd2 Bf5 23. Nxd5 e6 24. Ne3 Bg6 25. Bd3 Be7 26. Bxg6 Kd7 27. f4 Rc8 28. a3 Bd6 29. Rd1 Bxe5 30. fxe5 Ke7 31. Kc2 Rf8 32. Be4 Rf4 33. Bf3 Rh4 34. h3 Rf4 35. Rd4 Rf8 36. Nc4 Rd8 37. Rxd8 Kxd8 38. Nd6 Ke7 39. Nxb7 a5 40. Nc5 a4 41. Nxa4 Kd7 42. Nc5+ Kc7 43. a4 Kb6 44. a5+ Ka7 45. a6 Kb8 46. b5 Ka7 47. Kb3 Kb6 48. Kb4 Ka7 49. Ka5 g5 50. b6+ Kb8 51. a7+ Kc8 52. a8=Q# 1-0

[Event "January 9 Early 2024"]
[Site "https://www.chess.com"]
[Date "2024.01.11"]
[Round "5"]
[White "Christiansen, Johan-Sebastian"]
[Black "Jakubowski, Krzysztof"]
[Result "1-0"]
[Board "191"]
[TimeControl "180+1"]
[WhiteFideId "1512668"]
[BlackFideId "1112848"]
[WhiteElo "2894"]
[BlackElo "2674"]
[WhiteTeam "NOR"]
[BlackTeam "POL"]
[WhiteClock "0:00:26"]
[BlackClock "0:00:01"]

1. e4 c5 2. Nf3 e6 3. c3 Nf6 4. Bd3 Nc6 5. Bc2 d5 6. e5 Nd7 7. d4 h6 8. O-O b5 9. Re1 a5 10. Nbd2 Ba6 11. Nf1 Qb6 12. Ng3 g6 13. h4 a4 14. a3 Na5 15. h5 g5 16. Nh2 cxd4 17. cxd4 Nc4 18. Ng4 Bg7 19. Kh2 O-O-O 20. b3 axb3 21. Bxb3 Qb7 22. Bxc4 dxc4 23. Qc2 Nb6 24. Be3 Nd5 25. Ne4 Bf8 26. Rab1 Qc6 27. Bd2 Rd7 28. f3 Be7 29. Qb2 Ra7 30. Rec1 Kd7 31. Ngf6+ Bxf6 32. exf6 Qc7+ 33. Kh1 g4 34. fxg4 Rb8 35. Qc2 Kc6 36. Bxh6 Rh8 37. Bg7 Raa8 38. Qf2 Rh7 39. Ng5 Rhh8 40. Qf3 Qf4 41. Qxf4 Nxf4 42. Bxh8 Rxh8 43. Nxf7 Rf8 44. Ne5+ Kd5 45. g5 Kxd4 46. Ng6 Nxg6 47. hxg6 c3 48. g7 1-0

[Event "January 9 Early 2024"]
[Site "https://www.chess.com"]
[Date "2024.01.11"]
[Round "5"]
[White "Balla, Tamas-Kristof"]
[Black "Arslanov, Shamil"]
[Result "1-0"]
[Board "192"]
[TimeControl "180+1"]
[WhiteFideId "1208497"]
[BlackFideId "4192826"]
[WhiteElo "2479"]
[BlackElo "2623"]
[WhiteTeam "ROU"]
[BlackTeam "RUS"]
[WhiteClock "0:00:04"]
[BlackClock "0:00:02"]

1. e4 d6 2. d4 e5 3. Nf3 Bg4 4. dxe5 Nc6 5. Bb5 Qd7 6. exd6 Bxd6 7. e5 Bxf3 8. Qxf3 Bxe5 9. O-O Nge7 10. Bg5 Bxb2 11. Bxe7 Kxe7 12. Rd1 Nd4 13. Qe3+ Qe6 14. Qd2 Rhd8 15. Qb4+ c5 16. Qxb2 Ne2+ 17. Bxe2 Rxd1+ 18. Bf1 Qe2 19. Qxb7+ Kd6 20. Nd2 Re8 21. Rxd1 Qxd1 22. Nc4+ Ke6 23. Qe4+ Kd7 24. Qf5+ Ke7 25. Qxc5+ Kf6 26. Qc6+ Ke7 27. Qc5+ Kf6 28. Ne3 Qd7 29. Qc3+ Ke7 30. Qb4+ Kf6 31. Qf4+ Ke7 32. Qb4+ Kf6 33. Bd3 g6 34. Ng4+ Kg7 35. Qc3+ f6 36. Qxf6+ Kg8 37. Nh6# 1-0

[Event "January 9 Early 2024"]
[Site "https://www.chess.com"]
[Date "2024.01.11"]
[Round "5"]
[White "Van Kooten, Luuk"]
[Black "Gatterer, Florian"]
[Result "0-1"]
[Board "193"]
[TimeControl "180+1"]
[WhiteFideId "1006533"]
[BlackFideId "811688"]
[WhiteElo "2270"]
[BlackElo "2429"]
[WhiteTeam "NED"]
[BlackTeam "ITA"]
[WhiteClock "0:00:03"]
[BlackClock "0:00:16"]

1. d4 d5 2. c4 c6 3. Nc3 Nf6 4. Nf3 a6 5. g3 g6 6. Bg2 Bg7 7. O-O O-O 8. c5 Ne4 9. Bf4 Bf5 10. Rc1 Nd7 11. Nh4 Nxc3 12. Rxc3 Be6 13. h3 f6 14. Nf3 Bf7 15. h4 e5 16. dxe5 fxe5 17. Bg5 Qa5 18. Be7 Rfe8 19. Bd6 e4 20. Nd4 Ne5 21. Rb3 Nc4 22. Rxb7 Nxd6 23. cxd6 Qc5 24. d7 Red8 25. e3 Qd6 26. Bh3 c5 27. Ne2 d4 28. Nf4 Qc6 29. Rb3 c4 30. Rb4 a5 31. Qa4 Qxa4 32. Rxa4 d3 33. Rc1 Bxb2 34. Rcxc4 Bxc4 35. Rxc4 d2 36. Bg4 Rxd7 37. Bd1 a4 38. Rxe4 Rc8 39. Kg2 Rc1 40. Bg4 d1=Q 41. Bxd1 Rcxd1 42. Re8+ Kf7 43. Ra8 a3 0-1

[Event "January 9 Early 2024"]
[Site "https://www.chess.com"]
[Date "2024.01.11"]
[Round "5"]
[White "Krzywda, Andrzej"]
[Black "Feliz Dotel, Dewar Bienvenido"]
[Result "1-0"]
[Board "194"]
[TimeControl "180+1"]
[WhiteFideId "1114565"]
[BlackFideId "6402801"]
[WhiteElo "2391"]
[BlackElo "2152"]
[WhiteTeam "POL"]
[BlackTeam "DOM"]
[WhiteClock "0:00:21"]
[BlackClock "0:00:02"]

1. e4 c5 2. Nf3 g6 3. d4 cxd4 4. Nxd4 Nc6 5. c4 Nf6 6. Nc3 d6 7. Be2 Nxd4 8. Qxd4 Bg7 9. O-O O-O 10. Qd3 a5 11. Be3 a4 12. Rac1 Be6 13. b4 axb3 14. axb3 Nd7 15. Nd5 Ra3 16. Qc2 Nc5 17. b4 Bxd5 18. bxc5 Bc6 19. cxd6 Qxd6 20. c5 Qe6 21. Bf3 Rfa8 22. Rfd1 Ba4 23. Qd2 Bxd1 24. Rxd1 h5 25. h3 Ra2 26. Qd5 Qxd5 27. exd5 Ra1 28. Rxa1 Rxa1+ 29. Kh2 Be5+ 30. g3 h4 31. c6 hxg3+ 32. fxg3 Ra2+ 33. Kg1 bxc6 34. dxc6 Bxg3 35. Bd5 e6 36. Bxa2 Bc7 37. Bc5 Kg7 38. Kg2 Kf6 39. Kf3 Ke5 40. h4 Bd6 41. Be3 1-0

[Event "January 9 Early 2024"]
[Site "https://www.chess.com"]
[Date "2024.01.11"]
[Round "5"]
[White "Copeland, Samuel"]
[Black "Fiedorek, Michal"]
[Result "0-1"]
[Board "195"]
[TimeControl "180+1"]
[WhiteFideId "2007347"]
[BlackFideId "1199528"]
[WhiteElo "2306"]
[BlackElo "2485"]
[WhiteTeam "USA"]
[BlackTeam "POL"]
[WhiteClock "0:00:05"]
[BlackClock "0:00:04"]

1. e4 c5 2. Nf3 d6 3. d4 cxd4 4. Nxd4 Nf6 5. Nc3 Nc6 6. f3 e5 7. Nb3 Be7 8. Be3 O-O 9. Qd2 a5 10. a4 Nb4 11. Bc4 Be6 12. Bd5 Qc7 13. O-O Nfxd5 14. exd5 Bf5 15. Rac1 Rac8 16. Ne4 Qc4 17. Nxa5 Qxd5 18. Qxb4 Qe6 19. Nb3 d5 20. Nec5 Qg6 21. Qxb7 Bh4 22. Bf2 Bh3 23. Bg3 Bxg3 24. hxg3 Qxg3 25. Rf2 Rfd8 26. a5 d4 27. a6 Rb8 28. Qc6 Bf5 29. a7 Rbc8 30. Qb6 h5 31. Nb7 Rf8 32. N3c5 h4 33. Ne4 Bxe4 34. fxe4 h3 35. Rcf1 hxg2 36. Rxg2 Qe3+ 37. Kh2 Qh6+ 38. Kg1 Qxb6 39. Rf5 d3+ 40. Kh2 dxc2 41. Rfg5 Qh6+ 42. Kg1 c1=Q+ 0-1

[Event "January 9 Early 2024"]
[Site "https://www.chess.com"]
[Date "2024.01.11"]
[Round "5"]
[White "Gopal, K.N."]
[Black "Albuquerque Junior,Wellington S."]
[Result "1-0"]
[Board "196"]
[TimeControl "180+1"]
[WhiteFideId "5001447"]
[BlackFideId "2151480"]
[WhiteElo "2239"]
[BlackElo "2377"]
[WhiteTeam "IND"]
[BlackTeam "BRA"]
[WhiteClock "0:00:41"]
[BlackClock "0:00:05"]

1. e4 c5 2. Nf3 d6 3. d4 cxd4 4. Nxd4 Nf6 5. Nc3 Nc6 6. Be2 e5 7. Nb3 Be7 8. O-O O-O 9. f4 exf4 10. Bxf4 Be6 11. Nd4 Ne5 12. Nxe6 fxe6 13. Bxe5 dxe5 14. Kh1 Rc8 15. Bd3 Qb6 16. Rb1 Bb4 17. Qe2 Bxc3 18. bxc3 Qc7 19. c4 b6 20. Rf2 Nd7 21. Rbf1 Nc5 22. h3 Rxf2 23. Qxf2 Qe7 24. Qg3 Qc7 25. Qf3 Qe7 26. Qg3 Qd6 27. Kh2 Rf8 28. Rxf8+ Kxf8 29. Qf3+ Kg8 30. Qg3 g6 31. Qg5 Kg7 32. h4 h6 33. Qg3 Nd7 34. Qf3 Qf8 35. Kg3 Qxf3+ 36. gxf3 Kf6 37. Kg4 Nb8 38. c5 bxc5 39. Bb5 a6 40. Be8 a5 41. Bb5 Ke7 42. f4 Nd7 43. Bxd7 Kxd7 44. fxe5 Kc6 45. c4 Kd7 46. a4 Ke7 47. Kf4 Kf7 48. Kg4 Kg7 49. Kf4 1-0

[Event "January 9 Early 2024"]
[Site "https://www.chess.com"]
[Date "2024.01.11"]
[Round "5"]
[White "Chigaev, Maksim"]
[Black "Bortnyk, Olexandr"]
[Result "1-0"]
[Board "197"]
[TimeControl "180+1"]
[WhiteFideId "4108116"]
[BlackFideId "14120828"]
[WhiteElo "2975"]
[BlackElo "3115"]
[WhiteTeam "ESP"]
[BlackTeam "UKR"]
[WhiteClock "0:00:06"]
[BlackClock "0:00:03"]

1. c4 Nf6 2. g3 g6 3. Bg2 Bg7 4. Nc3 O-O 5. Nf3 d6 6. O-O Bf5 7. Qb3 Nc6 8. Qxb7 Na5 9. Qa6 c5 10. d4 Bc8 11. Qb5 Bd7 12. Qa6 Bc8 13. Qb5 Be6 14. dxc5 Rb8 15. Qa4 dxc5 16. Rd1 Nd7 17. Ng5 Bf5 18. e4 Rb4 19. Qc2 Bg4 20. f3 h6 21. fxg4 hxg5 22. b3 Bd4+ 23. Kh1 e6 24. Bd2 Qf6 25. Rf1 Qe5 26. Rad1 Nf6 27. Ne2 Nc6 28. Bxb4 Nxb4 29. Qd2 Nc6 30. Nxd4 cxd4 31. b4 Nxg4 32. b5 Nb8 33. Qxd4 Qc7 34. e5 Nxe5 35. c5 Nbd7 36. c6 Nb6 37. Rfe1 f6 38. a4 Nc8 39. Qc5 Kf7 40. a5 Qxa5 41. Rxe5 fxe5 42. Rf1+ Kg7 43. Qxf8+ Kh7 44. Rf7# 1-0

[Event "January 9 Early 2024"]
[Site "https://www.chess.com"]
[Date "2024.01.11"]
[Round "5"]
[White "Tymrakiewicz, Rafal"]
[Black "Petersson, Kjell"]
[Result "1-0"]
[Board "198"]
[TimeControl "180+1"]
[WhiteFideId "1108832"]
[BlackFideId "1705148"]
[WhiteElo "2391"]
[BlackElo "2130"]
[WhiteTeam "POL"]
[BlackTeam "SWE"]
[WhiteClock "0:00:18"]
[BlackClock "0:00:03"]

1. d4 f5 2. Bg5 h6 3. Bh4 c5 4. d5 Qa5+ 5. Nc3 g5 6. e4 gxh4 7. Qh5+ Kd8 8. e5 d6 9. Qf7 Nf6 10. exf6 Nd7 11. Bb5 a6 12. Bxd7 Bxd7 13. Ne2 Be8 14. Qe6 Bd7 15. Qf7 Be8 16. fxe7+ Bxe7 17. Qg7 Rf8 18. Nf4 Bd7 19. O-O Qb4 20. Ng6 Re8 21. Rfe1 Bg5 22. f4 Qd4+ 23. Qxd4 cxd4 24. fxg5 dxc3 25. gxh6 cxb2 26. Rab1 Rxe1+ 27. Rxe1 Kc7 28. h7 Ba4 29. Rb1 Bxc2 30. Rxb2 Be4 31. h8=Q Rxh8 32. Nxh8 Bxd5 33. Ng6 b5 34. Nxh4 Kb6 35. Nxf5 Kc5 36. Rd2 Bc4 37. Nxd6 Be6 38. h4 a5 39. h5 b4 40. h6 Bg8 41. Ne4+ Kc4 42. Nf6 Bf7 43. h7 Kc3 44. Rf2 a4 45. h8=Q Bxa2 46. Nd5+ Kc4 47. Nb6+ 1-0

[Event "January 9 Early 2024"]
[Site "https://www.chess.com"]
[Date "2024.01.11"]
[Round "5"]
[White "Khamdamova, Afruza"]
[Black "Ratnesan, Ranesh"]
[Result "0-1"]
[Board "199"]
[TimeControl "180+1"]
[WhiteFideId "14210444"]
[BlackFideId "439339"]
[WhiteElo "2523"]
[BlackElo "2323"]
[WhiteTeam "UZB"]
[BlackTeam "ENG"]
[WhiteClock "0:00:03"]
[BlackClock "0:00:10"]

1. e4 c5 2. Nf3 d6 3. d4 cxd4 4. Nxd4 Nf6 5. Nc3 a6 6. Bg5 e6 7. Qe2 Be7 8. f4 Qc7 9. O-O-O Nbd7 10. g4 b5 11. a3 Bb7 12. Bg2 Rc8 13. Kb1 h6 14. Bxf6 Nxf6 15. h4 Nd7 16. g5 hxg5 17. hxg5 Rxh1 18. Rxh1 g6 19. f5 Nf8 20. f6 Bd8 21. Rh8 Qc5 22. Nb3 Qxg5 23. a4 Bxf6 24. Rh3 Bxc3 25. bxc3 bxa4 26. Nd4 Qa5 27. Qd2 a3 28. Ka2 Qa4 29. Nb3 Bxe4 30. Bxe4 Qxe4 31. Re3 Qc6 32. Rd3 d5 33. Qg5 Qc4 34. Qf6 a5 35. Rf3 Rc7 36. Rd3 a4 37. Rd4 Qxc3 38. Qe5 Qb2# 0-1

[Event "January 9 Early 2024"]
[Site "https://www.chess.com"]
[Date "2024.01.11"]
[Round "5"]
[White "Hamblok, Roel"]
[Black "Buscar, Michael"]
[Result "0-1"]
[Board "200"]
[TimeControl "180+1"]
[WhiteFideId "209317"]
[BlackFideId "2603616"]
[WhiteElo "2585"]
[BlackElo "2430"]
[WhiteTeam "BEL"]
[BlackTeam "CAN"]
[WhiteClock "0:00:02"]
[BlackClock "0:00:13"]

1. e4 c5 2. Nf3 Nc6 3. d4 cxd4 4. Nxd4 Nf6 5. Nc3 e5 6. Ndb5 h6 7. Nd5 Nxd5 8. exd5 a6 9. dxc6 axb5 10. cxd7+ Bxd7 11. Be2 Qc7 12. O-O Bc5 13. Qd3 O-O 14. Qg3 Ra6 15. Qh4 Rg6 16. Bh5 Rf6 17. c3 Qb6 18. b4 Be7 19. Be3 Qc7 20. Rfc1 Bc6 21. Qg3 Bd5 22. Be2 Rg6 23. Qh3 Bxg2 24. Qxg2 Rxg2+ 25. Kxg2 Qc6+ 26. Bf3 e4 27. Be2 f5 28. Bd4 f4 29. f3 Qg6+ 30. Kh1 Qh5 31. Rg1 g5 32. Raf1 Bf6 33. Bc5 Rd8 34. Rg2 e3 35. Bxb5 Bxc3 36. a3 Rd2 37. Bc4+ Kg7 38. a4 Qh3 39. Rxd2 exd2 40. Be2 h5 41. a5 Kh6 42. Rg1 g4 43. Bd1 g3 44. Rg2 h4 45. Bc2 Qe6 46. Bf8+ Bg7 47. Be4 Bxf8 0-1

[Event "January 9 Early 2024"]
[Site "https://www.chess.com"]
[Date "2024.01.11"]
[Round "5"]
[White "Golubev, Mikhail"]
[Black "Spitzl, Vinzent"]
[Result "0-1"]
[Board "201"]
[TimeControl "180+1"]
[WhiteFideId "14100983"]
[BlackFideId "12901253"]
[WhiteElo "2616"]
[BlackElo "2461"]
[WhiteTeam "UKR"]
[BlackTeam "GER"]
[WhiteClock "0:00:01"]
[BlackClock "0:00:22"]

1. e4 d5 2. exd5 Qxd5 3. Nf3 Nc6 4. Nc3 Qd8 5. d4 Nf6 6. Bf4 e6 7. Bb5 Bd7 8. O-O Be7 9. Re1 O-O 10. a3 Nd5 11. Nxd5 exd5 12. Qd3 Bf6 13. c3 g6 14. Bxc6 Bxc6 15. Bh6 Re8 16. Rxe8+ Bxe8 17. Re1 Bd7 18. Ne5 Be6 19. Qf3 Qe7 20. h3 Re8 21. Re3 Qd8 22. Bf4 c6 23. Kh2 Bg7 24. Nd3 Bf5 25. Nc5 b6 26. Nb7 Qd7 27. Rxe8+ Qxe8 28. Nd6 Qe6 29. Nxf5 Qxf5 30. Qe3 Qe6 31. Qxe6 fxe6 32. Bb8 a6 33. a4 b5 34. axb5 cxb5 35. Bc7 Kf7 36. f4 Ke7 37. g4 Kd7 38. Ba5 Bf8 39. Kg3 Bd6 40. Kf3 h5 41. Bb6 Kc6 42. Bd8 b4 43. cxb4 Bxb4 44. f5 exf5 0-1

[Event "January 9 Early 2024"]
[Site "https://www.chess.com"]
[Date "2024.01.11"]
[Round "5"]
[White "Boruchovsky, Avital"]
[Black "Jimenez Almeida, Luis David"]
[Result "1-0"]
[Board "202"]
[TimeControl "180+1"]
[WhiteFideId "2800055"]
[BlackFideId "22242244"]
[WhiteElo "2771"]
[BlackElo "2514"]
[WhiteTeam "ISR"]
[BlackTeam "ESP"]
[WhiteClock "0:00:06"]
[BlackClock "0:00:06"]

1. e4 g6 2. d4 Bg7 3. f4 d6 4. Be3 e6 5. Nf3 b6 6. Bd3 Bb7 7. O-O Ne7 8. Qe1 a6 9. Nbd2 Nd7 10. b4 h6 11. c4 a5 12. a3 axb4 13. axb4 Rxa1 14. Qxa1 O-O 15. b5 c5 16. bxc6 Nxc6 17. Qa3 Qc7 18. e5 dxe5 19. fxe5 Ra8 20. Qb2 Ne7 21. Ne4 Nf5 22. Bf2 h5 23. Nh4 Nxh4 24. Bxh4 Nxe5 25. dxe5 Bxe5 26. Nf6+ Kg7 27. Qd2 Qc5+ 28. Kh1 Qd4 29. Nxh5+ Kg8 30. Qf2 Qxf2 31. Bxf2 gxh5 32. Bxb6 Ra2 33. Rf2 Ra1+ 34. Rf1 Ra2 35. Bf2 Bd4 36. Bxd4 Bxg2+ 37. Kg1 Bxf1 38. Bxf1 Rd2 39. Be3 Rd1 40. Kf2 f5 41. c5 e5 42. c6 Rd6 43. Bb5 f4 44. c7 1-0